 Dungeon Crawl Stone Soup version 0.30.1-11-g7821555f0a (webtiles) character file.

Game seed: 2657213800755613025

494 Janerl the Chopper (level 7, 0/60 HPs)
             Began as a Hill Orc Reaver on Nov 10, 2023.
             Slain by Menkaure (4 damage)
             ... on level 4 of the Dungeon on Nov 14, 2023.
             The game lasted 00:14:55 (3911 turns).

Janerl the Chopper (Hill Orc Reaver)                Turns: 3911, Time: 00:14:56

Health: 0/60       AC: 11    Str: 12 (15) XL:     7   Next: 15%
Magic:  9/9        EV: 11    Int: 11 (13) God:
Gold:   145        SH:  0    Dex: 10 (11) Spells: 6/9 levels left

rFire   . . .        r - +2 mace (protect)
rCold   + . .        (no shield)
rNeg    + . .        l - +0 chain mail {rC+}
rPois   .            s - +0 helmet
rElec   .            (no cloak)
rCorr   .            (no gloves)
SInv    .            m - +0 pair of boots
Will    .....        (no amulet) Stlth
                     g - +5 ring of evasion
HPRegen 0.30/turn    u - ring of positive energy
MPRegen 0.11/turn

%: no passive effects
@: no status effects
A: no striking features
a: no special abilities


You were on level 4 of the Dungeon.
You visited 1 branch of the dungeon, and saw 5 of its levels.

You collected 145 gold pieces.

Inventory:

Hand Weapons
 a - a +0 hand axe
 j - a +4 short sword of draining
 r - a +2 mace of protection (weapon)
 C - a +3 flail
Missiles
 n - 2 atropa-tipped darts
 w - 3 javelins
Armour
 b - a +0 leather armour
 l - a +0 chain mail of cold resistance (worn)
 m - a +0 pair of boots (worn)
 s - a +0 helmet (worn)
Jewellery
 g - a +5 ring of evasion (left hand)
 u - a ring of positive energy (right hand)
Scrolls
 c - 2 scrolls of silence {unknown}
 d - a scroll of torment {unknown}
 f - 4 scrolls of teleportation {unknown}
 h - 5 scrolls of identify {unknown}
 i - a scroll of fog {unknown}
 k - a scroll of magic mapping {unknown}
 v - 2 scrolls of blinking {unknown}
 x - a scroll of enchant armour {unknown}
 y - a scroll of enchant weapon {unknown}
 A - 2 scrolls of noise {unknown}
 B - a scroll of brand weapon {unknown}
Potions
 e - 2 potions of haste
 o - a potion of flight {unknown}
 p - a potion of magic
 q - a potion of berserk rage {unknown}
 t - a potion of mutation {unknown}
 z - 2 potions of degeneration


   Skills:
 + Level 4.5 Fighting
 + Level 0.3 Short Blades
 + Level 5.1(5.9) Axes
 + Level 3.5(4.5) Maces & Flails
 + Level 3.0 Armour
 + Level 2.8 Dodging
 + Level 0.8 Stealth
 + Level 1.7 Spellcasting
 + Level 3.3 Conjurations


You had 6 spell levels left.
You knew the following spells:

 Your Spells              Type           Power      Damage    Failure   Level
a - Kiss of Death         Conj/Necr      16%        2d6       98%         1
b - Searing Ray           Conj           16%        2d5       95%         2

Your spell library contained the following spells:

 Spells                   Type           Power      Damage    Failure   Level
 Magic Dart               Conj           32%        1d4       88%         1
 Momentum Strike          Conj/Tloc      8%         3d8       99%         2
 Hailstorm                Conj/Ice       4%         3d4       100%        3
 Ozocubu's Armour         Ice            0%         N/A       100%        3
 Vhi's Electric Charge    Tloc/Air       0%         N/A       100%        3
 Fulminant Prism          Conj/Hex       2%         3d5       100%        4
 Arcjolt                  Conj/Air       2%         1d12      100%        5
 Metabolic Englaciation   Hex/Ice        0%         N/A       100%        5
 Simulacrum               Ice/Necr       0%         N/A       100%        6
 Maxwell's Capacitive Co  Air            0%         ∞         100%        8


Dungeon Overview and Level Annotations

Branches:
Dungeon (5/15)
 Temple: D:4-7

Altars:
Vehumet

Annotations:
D:3 exclusion: statue
D:4 Menkaure


Message History

The sleepcap closely misses you.
You thump the sleepcap!
The sleepcap is heavily damaged.
The sleepcap closely misses you. The sleepcap attacks as you move away!
The sleepcap releases spores at you but does no damage.
You completely miss the sleepcap.
The sleepcap is heavily damaged.
The sleepcap releases spores at you but does no damage.
You hit the sleepcap but do no damage.
The sleepcap is heavily damaged.
The sleepcap completely misses you.
The sleepcap releases spores at you but does no damage.
You hit the sleepcap.
The sleepcap is severely damaged.
The sleepcap releases spores at you but does no damage.
You hit the sleepcap but do no damage.
The sleepcap is severely damaged.
The sleepcap barely misses you. The sleepcap attacks as you move away!
The sleepcap releases spores at you. Menkaure closely misses you.
Menkaure completely misses you.
There is a stone staircase leading up here.
The sleepcap releases spores at you.
You are engulfed in a cloud of soporific spores!
You fall asleep.
You stop ascending the stairs.
Menkaure hits you!!!
You wake up.
Ouch! That really hurt!
* * * LOW HITPOINT WARNING * * *
The sleepcap closely misses you.
The sleepcap releases spores at you but does no damage.
The sleepcap closely misses you. Menkaure misses you.
You climb upwards.
There is a stone staircase leading down here.
The sleepcap releases spores at you.
* * * LOW HITPOINT WARNING * * *
The sleepcap releases spores at you but does no damage.
Menkaure hits you.
You die...

######.###.##### #.# ##.#
.......# #.....######.# #..#
######.###.###........# #.##
...........# #..####..# #.#
#######..### #..# #..# #.#
#######..# #..# #..# #.#
.........#####..# #..# #<#
#######........M####..#######.#
########.f@f............#
##################


You could see 2 sleepcaps and Menkaure.

Vanquished Creatures
  A phantom (D:4)
  2 howler monkeys
  A jelly (D:4)
  2 orc priests (D:5)
  Terence (D:2)
  An iguana (D:3)
  An orc wizard (D:5)
  6 adders
  A shadow imp (D:5)
  2 worms
  3 dart slugs
  9 orcs
  8 ball pythons
  4 endoplasms
  7 giant cockroaches
  7 goblins
  7 hobgoblins
  11 jackals
  3 quokkas
  7 bats
  3 frilled lizards
  6 kobolds
  5 rats
98 creatures vanquished.

Notes
Turn   | Place    | Note
-------+----------+-------------------------------------------
     0 | D:1      | Janerl the Hill Orc Reaver began the quest for the Orb.
     0 | D:1      | Reached XP level 1. HP: 18/18 MP: 3/3
    48 | D:1      | Reached XP level 2. HP: 11/25 MP: 4/4
   545 | D:1      | Reached XP level 3. HP: 27/27 MP: 5/5
   930 | D:1      | Reached skill level 5 in Axes
   943 | D:1      | Learned a level 2 spell: Searing Ray
  1169 | D:2      | Noticed Terence
  1192 | D:2      | Killed Terence
  1193 | D:2      | Reached skill level 1 in Armour
  1193 | D:2      | Reached XP level 4. HP: 21/37 MP: 0/6
  1829 | D:3      | Reached XP level 5. HP: 39/45 MP: 7/7
  1892 | D:3      | Found a faded altar of an unknown god.
  2047 | D:3      | Found a radiant altar of Vehumet.
  2047 | D:3      | Noticed a charred statue
  2132 | D:3      | Reached skill level 1 in Maces & Flails
  2974 | D:4      | Noticed a phantom
  2987 | D:4      | Killed a phantom
  2988 | D:4      | Reached XP level 6. HP: 49/51 MP: 8/8
  3563 | D:5      | Entered Level 5 of the Dungeon
  3646 | D:5      | HP: 2/49 [orc priest/+0 morningstar (3)]
  3652 | D:5      | Reached XP level 7. HP: 11/57 MP: 9/9
  3855 | D:5      | Noticed Menkaure
  3911 | D:4      | Slain by Menkaure

Illustrated notes

Levels and vault maps discovered:
D:1:      tarquinn_simple_flora_water_e, layout_loops_ring
D:2:      layout_rooms, chequers_serial_rivers_micro_c, uniq_terence,
          uniq_crazy_yiuf_cottage
D:3:      layout_loops_cross, vehumet_statue, dreamdust_ecumenical_altar_grove
D:4:      layout_loops_ring
D:5:      layout_basic, chequers_temple_overflow_statue_of_worship,
          gammafunk_temple_overflow_pools,
          mainiacjoe_overflow_concentric_impassable,
          minmay_temple_entry_antechambers, uniq_eustachio, uniq_menkaure,
          uniq_duvessa

Skill      XL: |  1  2  3  4  5  6 |
---------------+-------------------+-----
Axes           | 5 |  5.1
Armour         | 1 2 3 |  3.0
Dodging        | 2 |  2.8
Fighting       | 3 4 |  4.5
Maces & Flails | 2 3 |  3.5
Short Blades   | |  0.3
Stealth        | |  0.8
Spellcasting   | |  1.7
Conjurations   | |  3.3

Action                     |  1- 3 |  4- 6 |  7- 9 || total
---------------------------+-------+-------+-------++-------
  Melee: Hand axe          |   100 |       |       ||   100
         Punch             |     1 |     4 |       ||     5
         Short sword       |    16 |    30 |       ||    46
         Mace              |       |   184 |    34 ||   218
   Cast: Kiss of Death     |     2 |     1 |       ||     3
         Searing Ray       |     2 |       |       ||     2
    Use: Potion            |       |     4 |       ||     4
   Stab: Sleeping          |     2 |       |       ||     2
 Armour: Leather armour    |    28 |       |       ||    28
         Chain mail        |       |   136 |    16 ||   152
  Dodge: Dodged            |    94 |    79 |    21 ||   194
